 Dungeon Crawl Stone Soup version 0.27-a0-597-g524d869a0f (webtiles) character file.

Game seed: 3957424559163275375

74918 jasper the Nimble (level 15, -1/84 HPs)
             Began as a Spriggan Conjurer on Mar 11, 2021.
             Was a Priest of Ashenzari.
             Slain by an eight-headed hydra (18 damage)
             ... on level 14 of the Dungeon.
             The game lasted 00:56:42 (32241 turns).

jasper the Nimble (Spriggan Conjurer)              Turns: 32241, Time: 00:56:43

Health: -1/84      AC:  3    Str:  3    XL:     15   Next: 8%
Magic:  35/35      EV: 28    Int: 25    God:    Ashenzari [***...]
Gold:   941        SH:  9    Dex: 15    Spells: 26/45 levels left

rFire    . . .     SeeInvis +   o - +2 dagger (holy)
rCold    + . .     Faith    .   e - +1 buckler of Supernal Understanding {Bglg, Cun} (curse)
rNeg     . . .     Spirit   .   a - +0 robe of Ashenzari's Loss {Elem, Fort} (curse)
rPois    .         Reflect  .   (helmet restricted)
rElec    .         Harm     .   I - +0 cloak "Servitude of Ashenzari" {Elem, Evo} (curse)
rCorr    .         Rampage  .   (gloves unavailable)
Will     ++...     Clarity  +   (boots unavailable)
Stlth    +++.......             U - amulet of magic regeneration
HPRegen  0.24/turn              R - ring "Eternal Omen" {rF+, Self, Bglg} (curse)
MPRegen  0.49/turn              i - ring of ice

@: very quick
A: very small, unfitting armour, see invisible, speed 3
a: Renounce Religion, Curse Item, Shatter the Chains


You were on level 14 of the Dungeon.
You worshipped Ashenzari.
Ashenzari was most pleased with you.
You visited 3 branches of the dungeon, and saw 22 of its levels.
You also visited: Ossuary.

You collected 2076 gold pieces.
You spent 1135 gold pieces at shops.

Inventory:

Hand Weapons
 o - a +2 dagger of holy wrath (weapon)
Missiles
 k - 11 curare-tipped darts
 l - 5 atropa-tipped darts
 r - 60 boomerangs
 W - 2 throwing nets
Armour
 a - the cursed +0 robe of Ashenzari's Loss (worn) {Elem, Fort}

   It has a curse placed upon it.
 e - the cursed +1 buckler of Supernal Understanding (worn) {Bglg, Cun}
   (You found it on level 1 of the Dungeon)

   It has a curse placed upon it.
 I - the cursed +0 cloak "Servitude of Ashenzari" (worn) {Elem, Evo}
   (You found it on level 8 of the Dungeon)

   It has a curse placed upon it.
 P - +0 steam dragon scales
Magical Staves
 m - a staff of earth
Jewellery
 i - a ring of ice (left hand)
 x - a ring of poison resistance
 y - a +6 ring of strength
 D - a ring of flight
 F - an amulet of guardian spirit
 R - the cursed ring "Eternal Omen" (right hand) {rF+, Self, Bglg}
   (You found it on level 11 of the Dungeon)

   [ring of protection from fire]

   It protects you from fire.
   It has a curse placed upon it.
 S - a +6 ring of dexterity
 U - an amulet of magic regeneration (around neck)
 Z - a ring of wizardry
Wands
 t - a wand of random effects (27)
 v - a wand of polymorph (28)
 T - a wand of digging (6)
Scrolls
 b - 20 scrolls of identify
 c - 6 scrolls of magic mapping
 j - 3 scrolls of amnesia
 n - 7 scrolls of teleportation
 p - 3 scrolls of fog
 B - 2 scrolls of holy word
 C - 5 scrolls of enchant weapon
 E - a scroll of summoning
 G - 7 scrolls of fear
 H - 2 scrolls of noise
 O - 5 scrolls of enchant armour
 V - 4 scrolls of immolation
 X - a scroll of blinking
Potions
 d - 12 potions of curing
 f - 5 potions of haste
 g - 3 potions of might
 h - 3 potions of flight
 u - 6 potions of heal wounds
 w - 4 potions of magic
 z - 2 potions of mutation
 A - 5 potions of lignification
 J - a potion of cancellation
 M - a potion of invisibility
 N - a potion of berserk rage
 Q - 5 potions of resistance
 Y - 3 potions of brilliance
Miscellaneous
 L - a box of beasts


   Skills:
 + Level 9.9(12.2) Fighting
 + Level 14.8(16.8) Dodging
 - Level 3.0(5.1) Stealth
 - Level 5.8(8.3) Shields
 + Level 13.8(15.8) Spellcasting
 - Level 10.8(14.3) Conjurations
 - Level 3.8(7.3) Hexes
 - Level 0.8 Necromancy
 - Level 8.0(11.8) Translocations
 - Level 6.1(10.0) Ice Magic


You had 26 spell levels left.
You knew the following spells:

 Your Spells              Type           Power      Damage    Failure   Level
a - Magic Dart            Conj           100%       1d8       0%          1
b - Searing Ray           Conj           100%       3d7       0%          2
c - Animate Skeleton      Necr           46%        N/A       1%          1
d - Apportation           Tloc           100%       N/A       1%          1
e - Lesser Beckoning      Tloc           34%        N/A       1%          3
f - Tukima's Dance        Hex            54%        N/A       1%          3
g - Iskenderun's Mystic   Conj/Tloc      71%        2d14      1%          4
h - Hailstorm             Conj/Ice       88%        3d18      1%          4

Your spell library contained the following spells:

 Spells                   Type           Power      Damage    Failure   Level
 Corona                   Hex            60%        N/A       1%          1
 Freeze                   Ice            100%       1d11      1%          1
 Slow                     Hex            54%        N/A       1%          2
 Confusing Touch          Hex            54%        N/A       1%          3
 Dazzling Flash           Conj/Hex       100%       N/A       1%          3
 Frozen Ramparts          Ice            100%       1d12      1%          3
 Gell's Gravitas          Tloc           34%        N/A       1%          3
 Inner Flame              Hex/Fire       39%        N/A       1%          3
 Ozocubu's Armour         Ice            81%        N/A       1%          3
 Portal Projectile        Hex/Tloc       100%       N/A       1%          3
 Cause Fear               Hex            27%        N/A       1%          4
 Fulminant Prism          Conj/Hex       32%        3d16      1%          4
 Beastly Appendage        Tmut           38%        N/A       2%          1
 Summon Small Mammal      Summ           76%        N/A       2%          1
 Metabolic Englaciation   Hex/Ice        38%        N/A       2%          5
 Ice Form                 Ice/Tmut       61%        N/A       3%          4
 Summon Ice Beast         Ice/Summ       61%        N/A       3%          4
 Dispersal                Tloc           34%        N/A       3%          6
 Wereblood                Tmut           19%        N/A       4%          2
 Leda's Liquefaction      Hex/Erth       19%        N/A       5%          4
 Spider Form              Tmut/Pois      9%         N/A       9%          3
 Yara's Violent Unravell  Hex/Tmut       19%        3d9       17%         5
 Invisibility             Hex            54%        N/A       21%         6
 Petrify                  Tmut/Erth      21%        N/A       24%         4
 Alistair's Intoxication  Tmut/Pois      12%        N/A       58%         5
 Blade Hands              Tmut           9%         N/A       58%         5


Dungeon Overview and Level Annotations

Branches:
Dungeon (14/15)            Temple (0/1) D:6            Lair (6/6) D:9
 Shoals (0/4) Lair:4        Snake (0/4) Lair:2        Slime (0/5) Lair:5
    Orc (2/2) D:11            Elf (0/3) Orc:2        Vaults (0/5) D:13
Ossuary (visited)

Altars:
Ashenzari
Cheibriados
Elyvilon
Gozag
Hepliaklqana
Kikubaaqudgha
Nemelex Xobeh
Qazlal
Ru
Sif Muna
Uskayaw
Xom
The Shining One
Beogh

Shops:
D:6 *[   D:9 !   D:10 (   Orc:1 (   Orc:2 :?[=

Annotations:
D:3 2 transporters, sahdkjhfkaj's ghost, amateur BaEE
Lair:4 3 runed translucent doors, runemage's ghost, journeyman GnFi
Lair:6 1 runed translucent door, Onietel's ghost, journeyman GnWn


Innate Abilities, Weirdness & Mutations

You are very small and have problems with some larger weapons.
You are too small for most types of armour.
You have supernaturally acute eyesight. (SInv)
You cover ground extremely quickly. (Speed+++)


Message History

You take 12 damage, and have 30/84 hp.
You hit the shadow but do no damage.
An eight-headed hydra comes into view.
The shadow closely misses you.
You barely miss the shadow.
The shadow slips into darkness.
The shadow flickers and vanishes for a moment.
A wizard comes into view. It is wielding a +0 dagger.
The wizard shouts!
The eight-headed hydra roars!
You hit the shadow.
The shadow convulses.
The shadow is lightly damaged.
The shadow misses you.
The wizard mumbles some strange words.
The wizard blinks!
You hit the shadow.
The shadow convulses.
The shadow is moderately damaged.
The centaur warrior skeleton barely misses you.
The shadow closely misses you.
A worker ant comes into view.
The centaur warrior skeleton hits you.
You take 4 damage, and have 26/84 hp.
You hit the shadow but do no damage.
The shadow is moderately damaged.
You block the shadow's attack. The centaur warrior skeleton hits you.
* * * LOW HITPOINT WARNING * * *
You hit the shadow but do no damage.
The shadow is moderately damaged.
The shadow completely misses you.
You block the centaur warrior skeleton's attack.
You take 2 damage, and have 24/84 hp.
You completely miss the shadow.
The shadow is moderately damaged.
The centaur warrior skeleton completely misses you.
The shadow hits you!
* * * LOW HITPOINT WARNING * * *
You hit the shadow.
The shadow convulses.
The shadow is heavily damaged.
The centaur warrior skeleton hits you but does no damage.
The shadow completely misses you. The eight-headed hydra bites you!!
You die...

#>.....#......... ,
#.....................
###..))..#............
,
#.......#..#.........
#....................
,
#......##.......B....
##.........#.........
#.........#.D...#...,
#..........Z@W.....p,,
###.(.......##.#....,
#.......####*#* .
##.........##* *
#.$....##.)# , , * , ,
#.......#.....$W#*
###...........###
....#...#...... ,
#....##..#........


You could see an eight-headed hydra, a wizard, a shadow, a worker ant and a
centaur warrior skeleton.

Vanquished Creatures
  Jorgrun (D:13)
  Snorg (Orc:1)
  6 hydras
  An ogre mage (D:13)
  3 boulder beetles
  Erica (D:11)
  A catoblepas (Lair:2)
  A death knight (D:13)
  A centaur warrior (D:13)
  7 two-headed ogres
  An orc high priest (Orc:1)
  A tengu warrior (D:14)
  Nergalle (Lair:3)
  Sonja (D:11)
  2 unseen horrors
  A deep elf archer (D:13)
  A deep elf zephyrmancer (D:13)
  An orc knight (D:13)
  A wolf spider zombie (D:14)
  5 ugly things
  2 deep elf pyromancers
  8 orc sorcerers (Orc:2)
  4 cyclopes
  7 black mambas
  2 gargoyles
  26 cane toads
  A kobold demonologist (D:14)
  A torpor snail (Lair:6)
  2 rime drakes
  6 komodo dragons
  4 yaktaurs (D:13)
  2 trolls
  5 tyrant leeches (Lair:6)
  5 polar bears
  Prince Ribbit (D:8)
  29 blink frogs
  A hornet (D:9)
  2 slime creatures (Lair:5)
  3 shadows
  2 wyverns
  25 yaks
  3 basilisks
  6 vampire mosquitoes (Lair:6)
  A steam dragon (D:12)
  Menkaure (D:4)
  8 wargs
  2 nagas (Lair:2)
  A soldier ant (D:11)
  Duvessa (D:4)
  5 water moccasins
  13 ice beasts
  7 sky beasts
  20 orc warriors
  3 boggarts (D:14)
  An eye of draining (D:8)
  2 black bears
  15 ogres
  3 necrophages
  18 wolves
  4 centaurs
  2 kobold brigands
  3 phantoms (D:11)
  26 bullfrogs
  Dowan (D:4)
  6 scorpions
  18 killer bees
  5 howler monkeys
  15 wights
  An electric eel (Lair:3)
  3 centaur zombies
  A quasit (D:12)
  13 orc priests
  3 bullfrog zombies
  5 hounds
  7 jellies
  3 centaur skeletons
  5 iguanas
  4 mummies (Ossuary)
  2 bullfrog skeletons
  50 orc wizards
  6 hell rats (Lair:5)
  15 worker ants
  A hound skeleton (D:6)
  3 worker ant zombies
  2 gnolls (D:3)
  5 adders
  2 shadow imps
  A white imp (D:8)
  4 ufetubi
  An ooze (D:1)
  3 adder skeletons
  4 adder zombies
  2 worms
  8 leopard geckos
  114 orcs
  5 giant cockroaches
  11 goblins
  6 hobgoblins
  7 jackals
  3 quokkas
  A ball python (D:6)
  5 bats
  14 frilled lizards
  A jackal skeleton (D:6)
  11 kobolds
  A quokka zombie (D:5)
  5 rats
704 creatures vanquished.

Vanquished Creatures (others)
  An orc (Orc:2)
  50 fungi
  108 plants
  6 withered plants (Ossuary)
165 creatures vanquished.

Grand Total: 869 creatures vanquished

Notes
Turn   | Place    | Note
-------+----------+-------------------------------------------
     0 | D:1      | jasper the Spriggan Conjurer began the quest for the Orb.
     0 | D:1      | Reached XP level 1. HP: 9/9 MP: 5/5
   342 | D:1      | Reached XP level 2. HP: 13/13 MP: 2/6
   345 | D:1      | Learned a level 2 spell: Searing Ray
   918 | D:2      | Reached XP level 3. HP: 14/16 MP: 1/8
  1378 | D:2      | Found a glowing golden altar of the Shining One.
  1451 | D:2      | Found a broken altar of Ashenzari.
  1453 | D:2      | Found a sparkling altar of Nemelex Xobeh.
  1453 | D:2      | Found a shimmering altar of Xom.
  1453 | D:2      | Found an ancient bone altar of Kikubaaqudgha.
  1455 | D:2      | Found a white marble altar of Elyvilon.
  1455 | D:2      | Found a sacrificial altar of Ru.
  1456 | D:2      | Found a shimmering blue altar of Sif Muna.
  1466 | D:2      | Became a worshipper of Ashenzari the Shackled
  1851 | D:3      | Reached XP level 4. HP: 21/21 MP: 0/9
  1853 | D:3      | Learned a level 1 spell: Animate Skeleton
  1855 | D:3      | Learned a level 1 spell: Apportation
  2141 | D:3      | Found a transporter.
  2700 | D:3      | Noticed sahdkjhfkaj's ghost (amateur BaEE)
  2700 | D:3      | Noticed an ogre
  2700 | D:3      | Noticed an ogre
  2701 | D:3      | Found a transporter.
  2701 | D:3      | Noticed an ogre
  2968 | D:4      | Reached XP level 5. HP: 17/24 MP: 1/10
  3056 | D:4      | Reached skill level 5 in Conjurations
  3227 | D:4      | Noticed an ogre
  3233 | D:4      | Killed an ogre
  3234 | D:4      | Reached XP level 6. HP: 28/28 MP: 4/11
  3500 | D:4      | Noticed Dowan
  3594 | D:4      | Noticed Duvessa
  3618 | D:4      | Killed Duvessa
  3619 | D:4      | Reached XP level 7. HP: 20/32 MP: 0/12
  3808 | D:4      | Killed Dowan
  4114 | D:4      | Noticed Menkaure
  4127 | D:4      | Killed Menkaure
  4544 | D:4      | Reached XP level 8. HP: 36/36 MP: 7/13
  4986 | D:5      | Entered Level 5 of the Dungeon
  4992 | D:5      | Found a hazy altar of Hepliaklqana.
  6111 | D:6      | Reached skill level 1 in Shields
  6299 | D:6      | Found a stormy altar of Qazlal.
  6325 | D:6      | Found Teutuus's Assorted Antiques.
  6333 | D:6      | Reached * piety under Ashenzari
  6372 | D:6      | Bought a scroll labelled OBIESY LELY for 28 gold pieces
  6372 | D:6      | Bought a large silver ring for 140 gold pieces
  6452 | D:6      | Found Weqonu's Antique Armour Shoppe.
  6928 | D:6      | Found a staircase to the Ecumenical Temple.
  7171 | D:6      | Reached XP level 9. HP: 22/39 MP: 14/14
  8031 | D:7      | Learned a level 3 spell: Lesser Beckoning
  8035 | D:7      | Learned a level 3 spell: Tukima's Dance
  8158 | D:7      | Reached skill level 5 in Shields
  8259 | D:7      | Noticed a troll
  8277 | D:7      | Killed a troll
  8382 | D:7      | Found a sand-covered staircase.
  8437 | Ossuary  | Entered an ossuary
  8838 | D:7      | Found a stormy altar of Qazlal.
  9077 | D:7      | Reached skill level 1 in Hexes
  9077 | D:7      | Reached skill level 1 in Translocations
  9534 | D:8      | Noticed a two-headed ogre
  9550 | D:8      | Killed a two-headed ogre
  9808 | D:8      | Noticed Prince Ribbit
  9828 | D:8      | Killed Prince Ribbit
  9829 | D:8      | Reached XP level 10. HP: 33/44 MP: 1/15
 10063 | D:8      | Noticed a two-headed ogre
 10086 | D:8      | Killed a two-headed ogre
 10742 | D:9      | Found a snail-covered altar of Cheibriados.
 10770 | D:9      | Found a staircase to the Lair.
 10938 | D:9      | Reached skill level 10 in Conjurations
 11065 | D:9      | Found Tati's Distillery.
 11110 | D:9      | Bought a potion of curing for 51 gold pieces
 11110 | D:9      | Bought a potion of heal wounds for 85 gold pieces
 11110 | D:9      | Bought a potion of curing for 51 gold pieces
 11231 | D:9      | Reached skill level 3 in Dodging
 11263 | D:9      | Reached skill level 1 in Fighting
 11318 | D:9      | Found a hide-covered altar of Uskayaw.
 11480 | D:9      | Reached skill level 4 in Dodging
 11707 | D:9      | Learned a level 4 spell: Iskenderun's Mystic Blast
 11991 | Lair:1   | Entered Level 1 of the Lair of Beasts
 12012 | D:10     | Entered Level 10 of the Dungeon
 12093 | D:10     | Reached skill level 5 in Translocations
 12316 | D:10     | Found Lisyut's Antique Weapon Emporium.
 12427 | D:10     | Reached skill level 5 in Dodging
 12778 | D:10     | Reached skill level 5 in Spellcasting
 12865 | D:10     | Noticed a brown ugly thing
 12941 | D:10     | Killed a brown ugly thing
 13045 | D:10     | Reached XP level 11. HP: 51/51 MP: 12/19
 13828 | D:11     | Noticed Sonja
 13834 | D:11     | Killed Sonja
 13835 | D:11     | Reached skill level 6 in Dodging
 14018 | D:11     | Noticed an unseen horror
 14018 | D:11     | Noticed a two-headed ogre
 14019 | D:11     | Noticed a two-headed ogre
 14019 | D:11     | Noticed Erica
 14027 | D:11     | Killed an unseen horror
 14027 | D:11     | Killed a two-headed ogre
 14027 | D:11     | Killed Erica
 14028 | D:11     | Reached skill level 7 in Dodging
 14045 | D:11     | Killed a two-headed ogre
 14574 | D:11     | Noticed a two-headed ogre
 14582 | D:11     | Killed a two-headed ogre
 14583 | D:11     | Reached skill level 8 in Dodging
 14754 | D:11     | Found an opulent altar of Gozag.
 15182 | D:11     | Found a staircase to the Orcish Mines.
 15312 | D:11     | Noticed a red ugly thing
 15327 | D:11     | Killed a red ugly thing
 15520 | D:11     | Noticed a white ugly thing
 15538 | D:11     | Killed a white ugly thing
 15539 | D:11     | Reached skill level 5 in Fighting
 15861 | D:11     | Reached ** piety under Ashenzari
 16378 | D:11     | Reached XP level 12. HP: 62/62 MP: 20/26
 16827 | D:12     | Reached skill level 9 in Dodging
 18002 | Lair:2   | Found a staircase to the Snake Pit.
 18446 | Lair:2   | Noticed a catoblepas
 18584 | D:6      | Bought a paperback book for 420 gold pieces
 18857 | Lair:2   | Identified the Catalogue of Evil and the Traveller
 18932 | Lair:2   | Noticed a boulder beetle
 18957 | Lair:2   | Killed a boulder beetle
 18958 | Lair:2   | Reached skill level 10 in Dodging
 19037 | Lair:2   | Killed a catoblepas
 19464 | Lair:3   | Noticed a four-headed hydra
 19768 | Lair:2   | Reached *** piety under Ashenzari
 19774 | Lair:2   | Learned a level 4 spell: Hailstorm
 19951 | Lair:3   | Noticed Nergalle
 19960 | Lair:3   | Killed Nergalle
 20302 | Lair:3   | Reached skill level 1 in Ice Magic
 20578 | Lair:3   | Noticed a seven-headed hydra
 20596 | Lair:3   | Killed a seven-headed hydra
 20754 | Lair:3   | Reached skill level 10 in Spellcasting
 21228 | Lair:3   | Killed a four-headed hydra
 21229 | Lair:3   | Reached skill level 11 in Dodging
 21229 | Lair:3   | Reached XP level 13. HP: 70/70 MP: 1/30
 21672 | Lair:4   | Found a staircase to the Shoals.
 21826 | Lair:4   | Noticed runemage's ghost (journeyman GnFi)
 21831 | Lair:4   | Found a runed translucent gate.
 21831 | Lair:4   | Found a runed translucent gate.
 21833 | Lair:4   | Found a runed translucent gate.
 21867 | Lair:4   | HP: 2/70 [seven-headed hydra (14)]
 22648 | Lair:4   | Identified the +6 morningstar "Brush" {holy, rElec Will-
                  | Str+4}
 22658 | Lair:4   | Found a white marble altar of Elyvilon.
 23651 | Lair:5   | Found a staircase to the Slime Pits.
 24265 | Lair:6   | Entered Level 6 of the Lair of Beasts
 24337 | Lair:6   | Reached skill level 12 in Dodging
 24461 | Orc:1    | Entered Level 1 of the Orcish Mines
 24541 | Orc:1    | Found Juuxzear's Weapon Shop.
 24637 | Orc:1    | Noticed Snorg
 24668 | Orc:1    | Killed Snorg
 24981 | Orc:2    | Entered Level 2 of the Orcish Mines
 25619 | Orc:2    | Found a staircase to the Elven Halls.
 25662 | Orc:2    | Found Joquo's Armour Boutique.
 25662 | Orc:2    | Found Egew Volyg's Jewellery Emporium.
 25677 | Orc:2    | Bought a ring of poison resistance for 360 gold pieces
 25714 | Orc:2    | Found Luqephiv's Book Boutique.
 25714 | Orc:2    | Found Plog's Magic Scroll Emporium.
 26765 | Lair:6   | Reached skill level 5 in Ice Magic
 26843 | Lair:6   | Reached XP level 14. HP: 77/77 MP: 27/33
 27110 | Lair:6   | Reached skill level 13 in Dodging
 27702 | Lair:6   | Noticed Onietel's ghost (journeyman GnWn)
 27706 | Lair:6   | Found a runed translucent door.
 29807 | D:12     | Found a white marble altar of Elyvilon.
 29960 | D:12     | Reached skill level 14 in Dodging
 30768 | D:13     | Noticed Jorgrun
 30802 | D:13     | Killed Jorgrun
 31630 | D:13     | Reached XP level 15. HP: 77/84 MP: 17/35
 31782 | D:13     | Found a gate to the Vaults.
 32241 | D:14     | Slain by an eight-headed hydra

Illustrated notes

Levels and vault maps discovered:
D:1:      lightli_arrival_boilingwater, layout_basic
D:2:      layout_loops_ring, lemuel_doored_altar, grunt_temple_overflow_open,
          minmay_lizard_pond
D:3:      layout_loops_ring, gammafunk_ghost_smash, minmay_circle_x
D:4:      layout_loops_ring, kennysheep_cross_bottleneck, uniq_menkaure,
          uniq_duvessa
D:5:      minmay_evil_eye, layout_basic, kennysheep_mini
D:6:      layout_loops_ring, minmay_temple_entry_overgrown, serial_shops,
          nicolae_shop_statue_plus, nicolae_shop_temple_entry_statues_fountains,
          lemuel_statue_altar
D:7:      layout_basic, general_overflow_altar, nicolae_ossuary_entry_monument
D:8:      layout_basic, enter_bailey_3, minmay_joined_circles,
          uniq_prince_ribbit1
D:9:      layout_rooms, eat_drink_and_be_merry_uskayaw,
          overflow_temple_1_default, lair_entry_dummy, serial_shops, shop
D:10:     layout_irregular_city, kennysheep_small_circle
D:11:     minmay_bloctagon, layout_stronghold, minmay_orc_entry_temple_large,
          grunt_decor_resistance, nicolae_gozag_seed_capital, uniq_sonja,
          uniq_erica
D:12:     layout_long_grid, portal_ice_cave_entry_ice_beasts, elyvilon_altar_3
D:13:     layout_loops_ring, hangedman_vaults_entry_quadrant_bands,
          chequers_mini_garden, uniq_jorgrun
D:14:     layout_cave_pools, minmay_misc_feat_plants, glass_columns_a,
          bh_hangedman_babel_library
Lair:1:   layout_hall_layers, nicolae_lair_grove_arrangements
Lair:2:   layout_chaotic_city, guppyfry_snake_entry_garden, guppyfry_lair_drakes
Lair:3:   layout_cave_pods, nicolae_quartered_pool_super, uniq_nergalle
Lair:4:   layout_misc_corridors, elwin_shoals_entry_rooms,
          gammafunk_ghost_split, basic_altar, beast_lair_carwin_6
Lair:5:   layout_layer_cave, minmay_slime_entry_pillars,
          minmay_stone_trees_large
Lair:6:   minmay_lair_end_frog_pond, layout_small_grid,
          hellmonk_ghost_happy_afterlife, nzn_sisyphean_effort
Orc:1:    layout_caves, serial_shops, shop, uniq_snorg
Orc:2:    st_orc_town, layout_caves

Skill      XL: |  1  2  3  4  5  6  7  8  9 10 11 12 13 14 |
---------------+-------------------------------------------+-----
Conjurations   | 3 4 5 6 7 8 9 10 | 10.8
Shields        | 4 5 |  5.8
Hexes          | 3 |  3.8
Translocations | 4 6 8 |  8.0
Dodging        | 5 8 11 12 14 | 14.8
Spellcasting   | 5 8 10 11 13 | 13.8
Fighting       | 2 5 6 8 9 |  9.9
Ice Magic      | 2 5 6 |  6.1
Stealth        | |  3.0
Necromancy     | |  0.8

Action                   |  1- 3 |  4- 6 |  7- 9 | 10-12 | 13-15 || total
-------------------------+-------+-------+-------+-------+-------++-------
Melee: Unarmed           |     1 |       |       |       |       ||     1
       Rapier            |       |     5 |     2 |       |       ||     7
       Short sword       |       |       |    85 |       |       ||    85
       Dagger            |       |       |    69 |    68 |    87 ||   224
Throw: Dart              |       |       |       |     7 |       ||     7
 Cast: Magic Dart        |    84 |    50 |    10 |   134 |   234 ||   512
       Searing Ray       |       |    13 |    63 |   137 |    72 ||   285
       Iskenderun's Myst |       |       |       |    42 |   114 ||   156
       Hailstorm         |       |       |       |    14 |   180 ||   194
       Animate Skeleton  |       |       |       |     1 |     2 ||     3
       Lesser Beckoning  |       |       |       |       |     1 ||     1
Invok: Curse Item        |       |       |     2 |     2 |       ||     4
Evoke: Wand              |       |       |     4 |    11 |    15 ||    30
       Box of beasts     |       |       |       |     1 |     1 ||     2
  Use: Scroll            |       |       |     1 |     1 |       ||     2
       Potion            |       |       |       |     2 |     4 ||     6
 Stab: Sleeping          |       |       |    10 |     5 |     5 ||    20
       Distracted        |       |       |     1 |       |       ||     1
Armor: Robe              |     1 |     1 |    13 |     7 |    11 ||    33
Dodge: Dodged            |     6 |    20 |   129 |   210 |   293 ||   658
Block: Buckler           |       |       |    83 |   120 |   135 ||   338

Table legend: (Time is in decaauts)
 A = Elapsed time spent in this place.
 B = Non-inter-level travel time spent in this place.
 C = Inter-level travel time spent in this place.
 D = Time resting spent in this place.
 E = Time spent auto-exploring this place.
 F = Levels seen in this place.
 G = Mean time per level.
                   A        B        C        D        E       F      G
               +--------+--------+--------+--------+--------+-----+--------+
         Total |  26332 |  25283 |   1049 |   4453 |  17140 |  23 | 1144.9 |
       Dungeon |  16871 |  16297 |    574 |   2256 |  11778 |  14 | 1205.1 |
          Lair |   7600 |   7229 |    371 |   1675 |   4532 |   6 | 1266.7 |
  Orcish Mines |   1645 |   1542 |    103 |    388 |    805 |   2 |  822.5 |
       Ossuary |    214 |    214 |      0 |    133 |     24 |   1 |  214.0 |
               +--------+--------+--------+--------+--------+-----+--------+

Top non-repeatable levels by time:
    D:11: 2658 daAuts
    D:12: 1774 daAuts
  Lair:2: 1550 daAuts
  Lair:6: 1539 daAuts
     D:4: 1522 daAuts
     D:8: 1467 daAuts
  Lair:3: 1463 daAuts
     D:6: 1355 daAuts
     D:9: 1275 daAuts
    D:10: 1272 daAuts
  Lair:5: 1266 daAuts
     D:7: 1109 daAuts
     D:3: 1007 daAuts
    D:13: 964 daAuts
  Lair:1: 961 daAuts
